 Dungeon Crawl Stone Soup version 0.31-a0-1272-g9f703e4c1d (webtiles) character file.

Game seed: 822240574712317267

526027 Amplified the Slayer (level 24, -1/367 HPs)
             Began as a Minotaur Shapeshifter on Dec 17, 2023.
             Was an Elder of Okawaru.
             Slain by an acid blob (10 damage)
             ... created by the Royal Jelly
             ... in the Arena.
             The game lasted 01:29:19 (57592 turns).

Amplified the Slayer (Minotaur Shapeshifter)       Turns: 57592, Time: 01:29:19

Health: -1/367     AC: 33    Str: 28    XL:     24   Next: 26%
Magic:  22/37      EV: 13    Int: 12    God:    Okawaru [****..]
Gold:   1424       SH: 35    Dex: 20    Spells: 30/30 levels left

rFire   + + +        w - +3 Elemental Staff {ele, rElec rF+ rC+ AC+3}
rCold   + + +        I - +18 shield of the Gong {Loud rN+ Will+ rCorr EV-5}
rNeg    + + .        v - +11 gold dragon scales
rPois   +            O - +2 hat
rElec   +            p - scarf {rC+ rF+}
rCorr   +            c - +0 pair of gloves
SInv    .            k - +2 pair of boots
Will    ++...        J - amulet "Naecw" {Acrobat rElec Str+3 Int+3 Dex+2} Stlth
                     H - ring of the Quiescent Mango {rC+ rN+ AC+4 Dex+3 Stlth-}
HPRegen 0.81/turn    t - ring of Starshine {rF+ Dex+3 Slay+6}
MPRegen 0.25/turn

%: acrobat, clarity
@: berserking (expiring), heroic, corroded, duelling, fragile, studying 2
skills, very quick
A: horns 2, retaliatory headbutt, clarity, weak 1
}: 3/15 runes: serpentine, barnacled, silver
a: Renounce Religion, Heroism, Finesse


You were in the Arena.
You worshipped Okawaru.
Okawaru was greatly pleased with you.
You visited 10 branches of the dungeon, and saw 49 of its levels.
You visited the Abyss 1 time.
You also visited: Trove, Bailey, Gauntlet and Ice Cave.

You collected 7400 gold pieces.
You spent 5976 gold pieces at shops.

Inventory:

Hand Weapons
 w - the +3 Elemental Staff (weapon) {ele, rElec rF+ rC+ AC+3}
   (You found it in a Gauntlet)

   AC+3:      It affects your AC (+3).
   rF+:       It protects you from fire.
   rC+:       It protects you from cold.
   rElec:     It insulates you from electricity.
Missiles
 h - 7 throwing nets
 T - 19 silver javelins
Armour
 c - a +0 pair of gloves (worn)
 k - a +2 pair of boots (worn)
 p - a scarf of resistance (worn)
 v - +11 gold dragon scales (worn)
 I - the +18 shield of the Gong (worn) {Loud rN+ Will+ rCorr EV-5}
   (You found it on level 4 of the Shoals)

   Loud:      It is deafeningly noisy when blocking attacks.
   EV-5:      It affects your evasion (-5).
   rN+:       It protects you from negative energy.
   Will+:     It increases your willpower.
   rCorr:     It protects you from acid and corrosion.
 O - a +2 hat (worn)
Jewellery
 e - a ring of protection from fire
 n - the ring of Midsummer {rElec rC+ rN+ Str+3 Dex-2}
   (You took it off a deep elf annihilator on level 3 of the Depths)

   [ring of positive energy]

   Str+3:     It affects your strength (+3).
   Dex-2:     It affects your dexterity (-2).
   rC+:       It protects you from cold.
   rElec:     It insulates you from electricity.
   rN+:       It protects you from negative energy.
 t - the ring of Starshine (right hand) {rF+ Dex+3 Slay+6}
   (You found it on level 9 of the Dungeon)

   [ring of protection from fire]

   Dex+3:     It affects your dexterity (+3).
   Slay+6:    It affects your accuracy & damage with ranged weapons and melee
   (+6).
   rF+:       It protects you from fire.
 C - the ring of Myxzolo {rElec Will+ rCorr}
   (You took it off a vault warden on level 5 of the Vaults)

   [ring of willpower]

   rElec:     It insulates you from electricity.
   Will+:     It increases your willpower.
   rCorr:     It protects you from acid and corrosion.
 H - the ring of the Quiescent Mango (left hand) {rC+ rN+ AC+4 Dex+3 Stlth-}
   (You acquired it on level 4 of the Depths)

   [ring of protection]

   AC+4:      It affects your AC (+4).
   Dex+3:     It affects your dexterity (+3).
   rC+:       It protects you from cold.
   rN+:       It protects you from negative energy.
   Stlth-:    It makes you less stealthy.
 J - the amulet "Naecw" (around neck) {Acrobat rElec Str+3 Int+3 Dex+2}
   (You found it in a treasure trove)

   [amulet of the acrobat]

   Acrobat:   It increases your evasion while moving and waiting.
   Str+3:     It affects your strength (+3).
   Int+3:     It affects your intelligence (+3).
   Dex+2:     It affects your dexterity (+2).
   rElec:     It insulates you from electricity.
 S - the ring "Lugajet" {rPois MP+9 SInv}
   (You found it on level 3 of the Depths)

   [ring of magical power]

   rPois:     It protects you from poison MP+9: It affects your magic capacity
   (+9).
   SInv:      It lets you see invisible.
 Y - the ring of Wiekeud {^Contam rPois rC+ Will+}
   (You bought it in a shop on level 2 of the Orcish Mines)

   [ring of poison resistance]

   rC+:       It protects you from cold.
   rPois:     It protects you from poison Will+: It increases your willpower.
   ^Contam:   It causes magical contamination when unequipped.
Wands
 g - a wand of iceblast (49)
 o - a wand of paralysis (32)
 r - a wand of digging (19)
 B - a wand of light (19)
 G - a wand of mindburst (33)
Scrolls
 i - 6 scrolls of vulnerability
 j - 8 scrolls of poison
 l - 4 scrolls of amnesia
 q - 5 scrolls of fear
 u - 16 scrolls of teleportation
 y - 10 scrolls of noise
 E - 5 scrolls of blinking
 M - 7 scrolls of immolation
 N - a scroll of revelation
 P - 6 scrolls of torment
 X - 2 scrolls of silence
 Z - 24 scrolls of identify
Potions
 a - 8 potions of might
 b - 6 potions of lignification
 f - 3 potions of haste
 s - 2 potions of cancellation
 x - 2 potions of invisibility
 z - 4 potions of magic
 A - 6 potions of mutation
 D - 4 potions of brilliance
 F - 5 potions of enlightenment
 L - 4 potions of attraction
 Q - 3 potions of resistance
 U - 3 potions of ambrosia
 V - 4 potions of heal wounds
 W - 16 potions of curing
Miscellaneous
 d - a tin of tremorstones (2/2)


   Skills:
 - Level 26.1(27) Fighting
 - Level 15.4(20.4) Maces & Flails
 - Level 15.7(20.7) Armour
 - Level 15.8(20.8) Dodging
 - Level 16.1(21.1) Shields
 - Level 3.2(8.2) Unarmed Combat
 * Level 3.7 Spellcasting
 * Level 6.0 Fire Magic
 - Level 22.0 Invocations
 - Level 21.2 Evocations
 - Level 2.4 Shapeshifting


You had 30 spell levels left.
You didn't know any spells.
Your spell library contained the following spells:

 Spells                   Type           Power      Damage    Failure   Level
 Scorch                   Fire           50%        2d7       34%         2
 Foxfire                  Conj/Fire      56%        2x1d6     63%         1
 Inner Flame              Hex/Fire       14%        N/A       94%         3
 Apportation              Tloc           4%         N/A       96%         1
 Magic Dart               Conj           8%         1d3       96%         1
 Necrotise                Necr           8%         1d4       96%         1
 Sandblast                Erth           6%         2d5       96%         1
 Slow                     Hex            8%         N/A       96%         1
 Sting                    Tmut/Pois      8%         1d3       96%         1
 Ignite Poison            Fire/Tmut/Pois 10%        N/A       98%         3
 Blink                    Tloc           4%         N/A       99%         2
 Cigotuvi's Dreadful Rot  Necr/Pois/Air  6%         N/A       99%         2
 Ensorcelled Hibernation  Hex/Ice        6%         N/A       99%         2
 Jinxbite                 Hex            4%         N/A       99%         2
 Passwall                 Tmut/Erth      2%         N/A       99%         2
 Poisonous Vapours        Pois/Air       6%         N/A       99%         2
 Searing Ray              Conj           4%         2d4       99%         2
 Sublimation of Blood     Necr           2%         N/A       99%         2
 Wereblood                Tmut           2%         N/A       99%         2
 Confusing Touch          Hex            2%         N/A       100%        3
 Dazzling Flash           Conj/Hex       4%         N/A       100%        3
 Frozen Ramparts          Ice            6%         1d1       100%        3
 Hailstorm                Conj/Ice       3%         3d5       100%        3
 Mephitic Cloud           Conj/Pois/Air  3%         N/A       100%        3
 Ozocubu's Armour         Ice            3%         N/A       100%        3
 Sigil of Binding         Hex            2%         N/A       100%        3
 Stone Arrow              Conj/Erth      6%         3d7       100%        3
 Vampiric Draining        Necr           2%         2d6       100%        3
 Anguish                  Hex/Necr       1%         N/A       100%        4
 Brom's Barrelling Bould  Conj/Erth      3%         2d3       100%        4
 Dimensional Bullseye     Hex/Tloc       1%         N/A       100%        4
 Dispel Undead            Necr           2%         3d7       100%        4
 Flame Wave               Conj/Fire      14%        2d6       100%        4
 Fulminant Prism          Conj/Hex       1%         3d5       100%        4
 Iskenderun's Mystic Bla  Conj/Tloc      2%         2d3       100%        4
 Leda's Liquefaction      Tmut/Erth      1%         N/A       100%        4
 Manifold Assault         Tloc           2%         N/A       100%        4
 Olgreb's Toxic Radiance  Pois           2%         N/A       100%        4
 Petrify                  Tmut/Erth      3%         N/A       100%        4
 Sticky Flame             Conj/Fire      14%        2d4       100%        4
 Agony                    Necr           2%         N/A       100%        5
 Alistair's Intoxication  Tmut/Pois      1%         N/A       100%        5
 Borgnjor's Vile Clutch   Necr/Erth      1%         N/A       100%        5
 Freezing Cloud           Conj/Ice/Air   2%         6-21      100%        5
 Iskenderun's Battlesphe  Conj           2%         2d6       100%        5
 Metabolic Englaciation   Hex/Ice        1%         N/A       100%        5
 Silence                  Hex/Air        1%         N/A       100%        5
 Bombard                  Conj/Erth      1%         9d1       100%        6
 Conjure Ball Lightning   Conj/Air       1%         3x3d6     100%        6
 Eringya's Noxious Bog    Tmut/Pois      1%         4d6       100%        6
 Plasma Beam              Fire/Air       10%        2x1d21    100%        6
 Starburst                Conj/Fire      7%         6d4       100%        6
 Discord                  Hex            1%         N/A       100%        8
 Disjunction              Tloc           1%         N/A       100%        8
 Ignition                 Fire           12%        3d6       100%        8
 Chain Lightning          Conj/Air       1%         3d2       100%        9
 Fire Storm               Conj/Fire      7%         8d2       100%        9
 Shatter                  Erth           1%         3d6*      100%        9
 Summon Small Mammal      Summ           Unusable   N/A       N/A         1
 Tukima's Dance           Hex            Unusable   N/A       N/A         3
 Summon Ice Beast         Ice/Summ       Unusable   N/A       N/A         4
 Death Channel            Necr           Unusable   N/A       N/A         6
 Simulacrum               Ice/Necr       Unusable   N/A       N/A         6
 Spellforged Servitor     Conj/Summ      Unusable   N/A       N/A         7
 Summon Hydra             Summ           Unusable   N/A       N/A         7

Dungeon Overview and Level Annotations

Branches:
Dungeon (15/15)            Temple (0/1) D:5            Lair (5/5) D:10
 Shoals (4/4) Lair:3        Snake (4/4) Lair:2        Slime (5/5) Lair:5
    Orc (2/2) D:11            Elf (3/3) Orc:2        Vaults (5/5) D:13
  Crypt (2/3) Vaults:2     Depths (4/4) D:15            Zot (0/5) Depths:4
 Bailey (visited)           IceCv (visited)         Gauntlet (visited)

Altars:
Ashenzari
Cheibriados
Elyvilon
Kikubaaqudgha
Okawaru
Qazlal
Ru
Sif Muna
Trog
Uskayaw
Vehumet
Wu Jian
Xom
Yredelemnul
Zin
The Shining One
Jiyva
Lugonu

Shops:
D:4 (   D:13 :   Orc:1 *   Orc:2 *=:!   Elf:3 :[   Shoals:1 *   Snake:1 [
Snake:2 [[   Snake:3 (=:=   Snake:4 =!(   Vaults:3 (   Vaults:4 *   Vaults:5 ?
Depths:2 *[!

Portals:
Hell: Depths:1 Depths:2 Depths:3 Depths:4
Abyss: Lair:5 Depths:3
Pandemonium: Depths:2 Depths:3
Ziggurat: Depths:3

Annotations:
D:11 2 transporters
Shoals:2 Ilsuiw, Polyphemus
Snake:2 Shie
Elf:2 5 runed translucent doors


Innate Abilities, Weirdness & Mutations

You have a pair of horns on your head.
You reflexively headbutt those who attack you in melee.
You possess an exceptional clarity of mind.
You are weak. (Str -2)


Message History

The splash of acid hits you. You resist. The acid corrodes you!
The rockslime hits you!
You hold your ground!
The acid blob hits you!
* * * LOW HITPOINT WARNING * * *
You are splashed with acid.
You resist.
* * * LOW HITPOINT WARNING * * *
The rockslime hits you but does no damage.
Unknown command.
You hit the azure jelly.
You electrocute the azure jelly!
You headbutt the azure jelly, but do no damage.
The azure jelly is lightly wounded.
You block the acid blob's attack.
GONNNNG!
You block the quicksilver ooze's attack.
PANG!
The quicksilver ooze hits you.
* * * LOW HITPOINT WARNING * * *
You feel your power leaking away.
You closely miss the azure jelly. Your headbutt misses the azure jelly.
The azure jelly is lightly wounded.
You block the azure jelly's attack.
GONNNNG!
You block the azure jelly's attack.
GONNNNG!
You block the azure jelly's attack.
GONNNNG!
The azure jelly hits you but does no damage.
The acid blob hits you!!
* * * LOW HITPOINT WARNING * * *
You are splashed with acid.
You resist.
* * * LOW HITPOINT WARNING * * *
The rockslime hits you!!
* * * LOW HITPOINT WARNING * * *
You hold your ground!
The rockslime hits you!
* * * LOW HITPOINT WARNING * * *
You hold your ground!
The azure jelly hits you but does no damage.
The azure jelly misses you.
The azure jelly hits you but does no damage. x2
The acid blob hits you!
You die...

#########
#.▓...▓.#
#p▓.8.▓.#
#▓▓...▓.#
#.▓...▓.#
#p▓.J.▓p#
#▓▓JJJ▓p#
#∩.J@J▓▓#
#▓▓JJJ▓p#


#p▓JJJ▓p# #.▓...▓.# #▓▓...▓.# #p▓.8.▓.# #.▓...▓.# ######### You could see 5 acid
blobs, 3 azure jellies, 2 rockslimes and 2 quicksilver oozes.

Vanquished Creatures
  the Royal Jelly (Arena)
  2 dread liches
  Mennas (Vaults:4)
  A juggernaut (Depths:4)
  A royal mummy (Depths:2)
  Bai Suzhen (Vaults:3)
  Vashnia (Snake:3)
  Saint Roka (Vaults:3)
  Nikola (Snake:1)
  Jory (Vaults:2)
  2 golden dragons (Depths:4)
  A bone dragon (Abyss:1)
  Norris (Depths:1)
  Jorgrun (Snake:1)
  3 tentacled monstrosities (Vaults:5)
  The ghost of HourglassMan the Peltast, an adept MiFi of Uskayaw (Snake:4)
  8 titans
  3 quicksilver dragons (Vaults:5)
  4 liches
  A walking divine tome (Depths:3)
  2 deep elf blademasters (Elf:3)
  7 sphinxes
  A tentacled starspawn (Abyss:1)
  Frances (Snake:1)
  Gastronok (Lair:1)
  2 tengu reavers
  Kirke (D:15)
  12 acid blobs
  3 storm dragons
  Donald (Crypt:1)
  6 shadow dragons
  3 azure jellies
  Aizul (Vaults:3)
  2 nagarajas
  A draconian knight (Depths:4)
  The ghost of Utuur the Spry, an adept TeDe of Jiyva (Snake:2)
  2 daevas
  A draconian shifter (Depths:3)
  5 rockslimes
  7 vault wardens
  8 frost giants
  2 iron dragons (Vaults:5)
  6 fire giants
  Louise (Depths:3)
  6 deep elf elementalists (Elf:3)
  A juggernaut zombie (Depths:3)
  6 spectral caustic shrikes
  7 deep elf sorcerers
  A curse skull (Depths:3)
  A caustic shrike zombie (Depths:2)
  5 ironbound preservers
  A spriggan defender (Depths:2)
  2 ghouls (Crypt:1)
  5 formless jellyfish
  3 orc warlords
  18 stone giants
  A draconian annihilator (Depths:4)
  A green draconian (Depths:4)
  2 ironbound thunderhulks
  3 vampire knights
  5 war gargoyles
  3 quicksilver oozes
  8 very ugly things
  An apis (Shoals:4)
  3 deep elf death magi
  5 deep elf demonologists
  Nessos (D:15)
  Azrael (D:14)
  A purple draconian (Depths:4)
  A minotaur (Gauntlet)
  13 deep elf annihilators
  A yellow draconian (Depths:4)
  3 dire elephants (Vaults:1)
  8 spark wasps
  17 ettins
  6 merfolk javelineers
  Josephine (Shoals:1)
  2 crystal guardians
  2 spectral krakens (Shoals:3)
  A fire dragon (Depths:3)
  8 merfolk impalers
  14 yaktaur captains
  7 jiangshi
  5 deep elf high priests
  A spriggan zombie (Abyss:1)
  A rakshasa (Depths:1)
  8 great orbs of eyes
  35 vault guards
  4 ogre magi
  5 salamander tyrants
  2 caustic shrike simulacra (Depths:3)
  Erica (Lair:1)
  9 hydras
  14 centaur warriors
  4 catoblepae
  2 ghost crabs (Shoals:3)
  3 peacekeepers
  9 ice dragons
  2 spriggan air magi
  3 alligator snapping turtles
  8 ironbound frosthearts
  2 merfolk avatars
  A juggernaut simulacrum (Depths:2)
  14 two-headed ogres
  9 anacondas
  7 deep troll earth magi
  10 naga warriors
  16 dancing weapons
  A satyr (Shoals:4)
  5 merfolk aquamancers
  3 boulder beetles
  2 death knights (Vaults:2)
  2 deep troll shamans
  2 death yaks (Shoals:1)
  6 vampire magi
  4 thrashing horrors
  4 orc high priests
  9 deep elf knights
  4 shock serpents
  6 occultists
  7 tengu warriors
  A storm dragon zombie (Depths:2)
  14 naga sharpshooters
  3 spriggan berserkers (Depths:4)
  Amaemon (D:8)
  Urug (Orc:2)
  4 hell knights (Depths:2)
  A sun demon (Depths:4)
  10 soul eaters
  6 skysharks
  The ghost of TheViccler the Fighter, a novice DsSh of Wu Jian (D:8)
  6 sea snakes
  4 cherubim
  12 iron trolls
  6 skeletal warriors (Crypt:1)
  24 deep trolls
  A golden dragon zombie (Depths:2)
  5 glowing orange brains
  2 storm dragon skeletons
  2 deep trolls (shapeshifter)
  2 sixfirhies
  2 flayed ghosts
  2 salamander mystics
  A swamp dragon (shapeshifter) (Elf:3)
  A ghost moth zombie (Crypt:1)
  12 phantasmal warriors
  A spriggan simulacrum (Abyss:1)
  15 deep elf archers
  16 ironbound convokers
  A lindwurm (shapeshifter) (Lair:5)
  11 necromancers
  2 bog bodies (Crypt:1)
  5 lindwurms
  2 golden dragon skeletons (Depths:3)
  5 naga ritualists
  17 orc knights
  5 harpies
  9 arcanists
  14 deep elf pyromancers
  17 deep elf zephyrmancers
  A frost giant zombie (Depths:2)
  4 shining eyes
  2 fire giant zombies
  11 fauns
  40 ugly things
  A tengu skeleton (Vaults:2)
  8 mana vipers
  19 manticores
  7 orc sorcerers
  A glowing shapeshifter (Vaults:5)
  An oklob plant (D:10)
  3 spectral merfolk (Shoals:3)
  10 cyclopes
  2 shadow dragon skeletons
  25 salamanders
  A water nymph (Shoals:4)
  2 kobold blastminers
  4 guardian serpents
  14 vault sentinels
  2 frost giant skeletons (Vaults:3)
  4 elephants (Lair:1)
  A merfolk siren (Shoals:2)
  9 naga magi
  Joseph (D:7)
  A stone giant skeleton (Vaults:2)
  A torpor snail (Lair:3)
  An ice statue (IceCv)
  2 smoke demons
  37 black mambas
  6 gargoyles
  A titan simulacrum (Depths:2)
  A spectral sea snake (Shoals:3)
  7 large abominations
  9 cane toads
  3 eyes of devastation
  9 rime drakes
  4 efreet
  3 kobold demonologists
  A naga skeleton (Abyss:1)
  7 komodo dragons
  A tengu conjurer (Depths:1)
  An unseen horror zombie (D:9)
  An anaconda simulacrum (Abyss:1)
  An ice devil (Abyss:1)
  An elf skeleton (Vaults:3)
  3 freezing wraiths
  Psyche (D:11)
  23 yaktaurs
  A spectral water nymph (Shoals:3)
  A polar bear (Lair:3)
  10 merfolk
  A purple draconian skeleton (Crypt:1)
  2 tengu simulacra
  2 queen bees (shapeshifter)
  A meliai (D:9)
  4 hornets
  8 trolls
  A troll (shapeshifter) (Vaults:5)
  3 wind drakes
  A spectral manticore (Shoals:3)
  Prince Ribbit (Lair:1)
  22 dream sheep
  3 glass eyes
  A raiju (Lair:5)
  A human simulacrum (Vaults:2)
  118 slime creatures
  36 blink frogs
  A deep troll zombie (Vaults:3)
  2 ettin zombies
  8 flying skulls (Gauntlet)
  4 snapping turtles
  A spriggan (shapeshifter) (D:9)
  2 air elementals
  Sigmund (D:2)
  3 vampires
  5 spriggans
  10 water elementals
  2 yaks (shapeshifter)
  4 shadows (Gauntlet)
  11 wraiths
  A ynoxinul (Abyss:1)
  55 yaks
  6 wyverns
  4 humans
  6 basilisks
  A neqoxec (Abyss:1)
  11 wargs
  6 golden eyes
  10 vampire mosquitoes
  3 fire elementals
  4 steam dragons
  6 chaos spawn
  A glowing shapeshifter zombie (Depths:3)
  3 acid dragons
  4 great orb of eyes simulacra (IceCv)
  2 hell hounds (D:14)
  10 water moccasins
  31 nagas
  3 glowing shapeshifter skeletons (Vaults:5)
  3 ice beasts (D:8)
  12 small abominations
  42 orc warriors
  2 sky beasts
  3 boggarts
  11 ogres
  9 wolves
  5 centaurs
  2 human skeletons (Vaults:3)
  5 slime creature simulacra (IceCv)
  Blork the orc (D:4)
  3 kobold brigands
  13 bullfrogs
  An elf zombie (Crypt:1)
  8 necrophages
  2 gnoll sergeants
  An ogre simulacrum (Vaults:5)
  4 earth elementals
  3 glowing shapeshifter simulacra (IceCv)
  A scorpion (D:5)
  9 wights
  A spriggan skeleton (Crypt:1)
  14 killer bees
  11 howler monkeys
  2 jellies
  A howler monkey (shapeshifter) (Elf:1)
  An electric eel (Lair:4)
  6 lava snakes
  5 hounds
  A quasit (Abyss:1)
  3 centaur zombies (D:9)
  3 human zombies
  33 orc priests
  Crazy Yiuf (D:2)
  A sleepcap (Snake:3)
  An iron imp (Abyss:1)
  A gnoll bouda (D:6)
  46 orc wizards
  Ijyb (D:3)
  4 hell rats (Lair:1)
  Natasha (thrice) (D:2)
  2 iguanas
  6 shapeshifter simulacra (IceCv)
  2 centaur simulacra
  2 spectral hounds (Depths:2)
  A mummy (D:9)
  Robin (D:4)
  A killer bee simulacrum (D:8)
  2 howler monkey zombies (D:9)
  14 gnolls
  9 adders
  3 shadow imps
  5 white imps
  4 ufetubi
  2 worms
  8 dart slugs
  109 orcs
  2 bats
  11 endoplasms
  4 giant cockroaches
  18 goblins
  7 hobgoblins
  A quokka (D:7)
  4 ball pythons
  3 frilled lizards
  19 kobolds
  7 rats
  3 tentacles (Shoals:3)
2027 creatures vanquished.

Vanquished Creatures (others)
  A tengu warrior (Depths:1)
  A salamander (Snake:4)
  A guardian serpent (Snake:4)
  2 dream sheep (Shoals:3)
  A slime creature (IceCv)
  A water elemental (Shoals:3)
  A golden eye (Slime:3)
  An orc priest (Vaults:2)
  An orc wizard (D:7)
  4 starspawn tentacles (Abyss:1)
  16 tentacles (Shoals:3)
30 creatures vanquished.

Grand Total: 2057 creatures vanquished

Notes
Turn   | Place    | Note
-------+----------+-------------------------------------------
     0 | D:1      | Amplified the Minotaur Shapeshifter began the quest for the
                  | Orb.
     0 | D:1      | Reached XP level 1. HP: 16/16 MP: 0/0
   203 | D:1      | Reached skill level 1 in Shields
   203 | D:1      | Reached XP level 2. HP: 20/24 MP: 1/1
   368 | D:1      | Reached skill level 2 in Fighting
   552 | D:1      | Reached skill level 1 in Armour
   552 | D:1      | Reached XP level 3. HP: 30/30 MP: 2/2
   789 | D:2      | Noticed Natasha
   796 | D:2      | Killed Natasha
   797 | D:2      | Reached skill level 3 in Fighting
   797 | D:2      | Reached XP level 4. HP: 35/38 MP: 3/3
   830 | D:2      | Found a faded altar of an unknown god.
   836 | D:2      | Noticed Natasha
   847 | D:2      | Killed Natasha
   909 | D:2      | Prayed at the altar of an unknown god.
   909 | D:2      | Became a worshipper of Warmaster Okawaru
   909 | D:2      | Reached * piety under Okawaru
  1013 | D:2      | Noticed Sigmund
  1127 | D:3      | Found Siqiss's Vocational Training.
  1327 | D:3      | You fall into a shaft and drop 2 floors!
  1327 | D:5      | Entered Level 5 of the Dungeon
  1377 | D:4      | Found a sacrificial altar of Ru.
  1446 | D:5      | Reached XP level 5. HP: 27/45 MP: 4/4
  1536 | D:4      | Reached skill level 1 in Maces & Flails
  1612 | D:4      | Identified the +0 robe of the Stone Wall {Will+}
  1696 | D:4      | Noticed Robin
  1717 | D:4      | Killed Robin
  1718 | D:4      | Reached skill level 1 in Invocations
  1958 | D:4      | Noticed Blork the orc
  2240 | D:3      | Noticed Ijyb
  2272 | D:3      | Killed Ijyb
  2550 | D:3      | Found a bloodstained altar of Trog.
  2828 | D:4      | Killed Blork the orc
  2829 | D:4      | Reached skill level 4 in Fighting
  2829 | D:4      | Reached XP level 6. HP: 35/52 MP: 6/6
  2985 | D:4      | Found Qourick's Weapon Shop.
  3228 | D:4      | Found an ornate altar of the Wu Jian Council.
  3446 | D:5      | Found a glowing silver altar of Zin.
  3466 | D:5      | Found a staircase to the Ecumenical Temple.
  3750 | D:5      | Reached ** piety under Okawaru
  3945 | D:5      | Reached skill level 1 in Evocations
  3970 | D:5      | Reached XP level 7. HP: 53/60 MP: 7/7
  4690 | D:6      | Reached skill level 5 in Fighting
  4833 | D:6      | Reached XP level 8. HP: 65/68 MP: 9/9
  4859 | D:6      | Noticed Eustachio
  4870 | D:6      | Eustachio changed into Eustachio the howler monkey
  4870 | D:6      | Noticed Eustachio
  4876 | D:6      | Killed Eustachio the howler monkey
  4877 | D:6      | Reached skill level 5 in Shields
  4890 | D:6      | Reached *** piety under Okawaru
  5013 | D:6      | Found a basalt altar of Yredelemnul.
  5427 | D:7      | Found a white marble altar of Elyvilon.
  5439 | D:7      | Noticed Joseph
  5456 | D:7      | Killed Joseph
  5456 | D:7      | Reached **** piety under Okawaru
  5457 | D:7      | Reached skill level 6 in Fighting
  5709 | D:7      | Reached skill level 5 in Maces & Flails
  5809 | D:7      | Reached XP level 9. HP: 74/75 MP: 11/11
  6311 | D:8      | Reached skill level 5 in Dodging
  6385 | D:8      | Reached skill level 7 in Fighting
  6453 | D:8      | Reached ***** piety under Okawaru
  6454 | D:8      | Reached skill level 5 in Invocations
  6507 | D:8      | Noticed Amaemon
  6507 | D:8      | Noticed an orange demon
  6508 | D:8      | Noticed TheViccler's ghost (novice DsSh)
  6524 | D:8      | Killed Amaemon
  6525 | D:8      | Reached skill level 5 in Armour
  6526 | D:8      | an orange demon changed into a sixfirhy
  6526 | D:8      | Noticed a sixfirhy
  6543 | D:8      | Killed a sixfirhy
  6544 | D:8      | Reached XP level 10. HP: 44/86 MP: 9/13
  6844 | D:8      | Found a runed translucent gate.
  6844 | D:8      | Found a runed translucent gate.
  6844 | D:8      | Found a runed translucent gate.
  7211 | D:8      | Reached skill level 5 in Evocations
  7510 | D:8      | Reached skill level 8 in Fighting
  7614 | D:8      | Found a stormy altar of Qazlal.
  7758 | D:8      | Found a shimmering altar of Xom.
  7794 | D:9      | Found a hide-covered altar of Uskayaw.
  7845 | D:9      | Found a flagged portal.
  7890 | D:9      | Found a glowing golden altar of the Shining One.
  7987 | Bailey   | Entered a bailey
  8068 | Bailey   | Noticed an orc knight
  8159 | Bailey   | Noticed an orc knight
  8190 | Bailey   | Killed an orc knight
  8190 | Bailey   | Received a gift from Okawaru
  8222 | Bailey   | Killed an orc knight
  8250 | Bailey   | Identified the +10 plate armour of Hide-and-Seek {Harm}
  8253 | Bailey   | Identified the +0 helmet "Lat Qio" {Int+5 Slay+3}
  8276 | Bailey   | Noticed an orc knight
  8285 | Bailey   | Killed an orc knight
  8286 | Bailey   | Reached XP level 11. HP: 60/95 MP: 7/14
  8443 | D:9      | Reached skill level 9 in Fighting
  8473 | D:9      | Found an ancient bone altar of Kikubaaqudgha.
  8849 | D:9      | Noticed a green ugly thing
  8852 | D:9      | Noticed a deep elf pyromancer
  9043 | D:10     | Entered Level 10 of the Dungeon
  9081 | D:10     | Reached ****** piety under Okawaru
  9118 | D:10     | Received a gift from Okawaru
  9567 | D:10     | Noticed an oklob plant
  9572 | D:10     | Found a staircase to the Lair.
  9580 | D:10     | Killed an oklob plant
 10255 | D:11     | Noticed Psyche
 10268 | D:11     | Received a gift from Okawaru
 10281 | D:11     | Killed Psyche
 10417 | D:11     | Found a staircase to the Orcish Mines.
 10497 | D:11     | Found a portal to a secret trove of treasure.
 10609 | D:11     | Found a transporter.
 10622 | D:11     | Reached skill level 10 in Fighting
 10699 | D:11     | Found a transporter.
 10972 | D:12     | Acquired the +5 morningstar of Wuaven {flame, MP+9}
 10972 | D:12     | Received a gift from Okawaru
 10975 | D:12     | Acquired a +1 hat
 10975 | D:12     | Received a gift from Okawaru
 11149 | D:12     | Reached XP level 12. HP: 106/106 MP: 16/16
 11166 | D:12     | Noticed a two-headed ogre
 11172 | D:12     | Killed a two-headed ogre
 11305 | D:12     | Noticed a boulder beetle
 11312 | D:12     | Killed a boulder beetle
 11312 | D:12     | Received a gift from Okawaru
 11789 | Orc:1    | Entered Level 1 of the Orcish Mines
 11861 | Orc:1    | Reached skill level 10 in Maces & Flails
 11938 | Orc:1    | Noticed an orc warlord
 11949 | Orc:1    | Killed an orc warlord
 12036 | Orc:1    | Found Typlos's Assorted Antiques.
 12143 | Orc:1    | Bought a bubbling ruby potion for 24 gold pieces
 12337 | Orc:2    | Entered Level 2 of the Orcish Mines
 12440 | Orc:2    | Noticed Urug
 12491 | Orc:2    | Noticed an orc high priest
 12491 | Orc:2    | Noticed a two-headed ogre
 12491 | Orc:2    | Found a staircase to the Elven Halls.
 12496 | Orc:1    | Killed a two-headed ogre
 12496 | Orc:1    | Received a gift from Okawaru
 12503 | Orc:1    | Killed an orc high priest
 12504 | Orc:1    | Reached skill level 11 in Fighting
 12589 | Lair:1   | Entered Level 1 of the Lair of Beasts
 12656 | Lair:1   | Found a frozen archway.
 12659 | Lair:1   | Noticed Prince Ribbit
 12669 | Lair:1   | Killed Prince Ribbit
 12695 | IceCv    | Entered an ice cave
 12793 | IceCv    | Received a gift from Okawaru
 12948 | IceCv    | Reached XP level 13. HP: 96/116 MP: 15/18
 13039 | IceCv    | Found a viscous altar of Jiyva.
 13039 | IceCv    | Noticed an azure jelly
 13054 | IceCv    | Killed an azure jelly
 13075 | IceCv    | Received a gift from Okawaru
 13096 | IceCv    | Got the +7 hand axe of Cheese {freeze, Fly Int+3}
 13449 | Lair:1   | Got the Secrets of Heat and the Coward
 13473 | Lair:1   | Noticed Gastronok
 13493 | Lair:1   | Killed Gastronok
 13817 | Lair:1   | Noticed Erica
 13822 | Lair:1   | Killed Erica
 13884 | Lair:1   | Reached skill level 12 in Fighting
 14246 | Lair:2   | Received a gift from Okawaru
 14280 | Lair:2   | You fall into a shaft and drop 2 floors!
 14317 | Lair:4   | Reached skill level 10 in Armour
 14789 | Lair:4   | Reached skill level 10 in Dodging
 15009 | Lair:4   | Reached skill level 10 in Invocations
 15187 | Lair:4   | Received a gift from Okawaru
 15735 | Lair:4   | Reached XP level 14. HP: 127/127 MP: 20/20
 15754 | Lair:5   | Entered Level 5 of the Lair of Beasts
 15939 | Lair:5   | Found a staircase to the Slime Pits.
 15939 | Lair:5   | Found a viscous altar of Jiyva.
 16058 | Lair:5   | Reached XP level 15. HP: 126/134 MP: 21/21
 16453 | Lair:5   | Received a gift from Okawaru
 16513 | Abyss:1  | Cast into level 1 of the Abyss (spriggan)
 16806 | Abyss:1  | Noticed a lich
 16814 | Abyss:1  | Killed a lich
 16815 | Abyss:1  | Reached skill level 13 in Fighting
 16890 | Abyss:1  | Noticed a bone dragon
 16904 | Abyss:1  | Killed a bone dragon
 16912 | Abyss:1  | Noticed a lich
 16928 | Abyss:1  | Killed a lich
 16944 | Abyss:1  | Received a gift from Okawaru
 17024 | Abyss:1  | Found a corrupted altar of Lugonu.
 17106 | Abyss:1  | Noticed a tentacled starspawn
 17117 | Abyss:1  | Killed a tentacled starspawn
 17137 | Abyss:1  | Noticed a bone dragon
 17137 | Abyss:1  | Noticed a lich
 17140 | Lair:5   | Escaped the Abyss
 17207 | Lair:5   | Identified the +2 robe "Laimnill" {rF+ Will+ SInv}
 17258 | Lair:5   | Found a corrupted altar of Lugonu.
 17258 | Lair:5   | Found a one-way gate to the infinite horrors of the Abyss.
 17445 | Lair:5   | Received a gift from Okawaru
 17818 | Lair:3   | Reached skill level 10 in Evocations
 17925 | Lair:3   | Found a staircase to the Shoals.
 18097 | Lair:3   | Reached skill level 15 in Maces & Flails
 18617 | Lair:2   | Received a gift from Okawaru
 18835 | Lair:2   | Found a staircase to the Snake Pit.
 19569 | Orc:2    | Reached skill level 14 in Fighting
 19725 | Orc:2    | Found Cialekk's Assorted Antiques.
 19741 | Orc:2    | Found Voyruo's Distillery.
 19741 | Orc:2    | Found Xokhle's Jewellery Shoppe.
 19745 | Orc:2    | Found Roohun's Book Emporium.
 19757 | Orc:2    | Bought the ring of Wiekeud {^Contam rPois rC+ Will+} for
                  | 476 gold pieces
 19880 | Orc:2    | Killed Urug
 20134 | D:13     | Received a gift from Okawaru
 20135 | D:13     | Reached XP level 16. HP: 146/146 MP: 23/23
 20155 | D:13     | Found a gate to the Vaults.
 20257 | D:13     | Found Vaery's Book Shop.
 20362 | D:13     | Found a gate leading to a gauntlet.
 20378 | Gauntlet | Entered a Gauntlet
 20378 | Gauntlet | Found a transporter.
 20388 | Gauntlet | Found a transporter.
 20399 | Gauntlet | Found a transporter.
 20402 | Gauntlet | Found a transporter.
 20411 | Gauntlet | Found a transporter.
 20426 | Gauntlet | Found a transporter.
 20427 | Gauntlet | Found the +3 Elemental Staff {ele, rElec rF+ rC+ AC+3}
 20437 | Gauntlet | Found a transporter.
 20448 | Gauntlet | Found a transporter.
 20462 | Gauntlet | Found a transporter.
 20462 | Gauntlet | Found a transporter.
 20479 | Gauntlet | Found a transporter.
 20486 | Gauntlet | Found a transporter.
 20487 | Gauntlet | Found a transporter.
 20489 | Gauntlet | Found a transporter.
 20617 | Gauntlet | Identified the amulet of Ulediu {RegenMP ^Contam Harm rC+++
                  | Dex-3}
 20679 | Gauntlet | Identified the ring of Oddeff {rC+ Str+4}
 21302 | D:14     | Received a gift from Okawaru
 21318 | D:14     | Noticed Azrael
 21355 | D:14     | HP: 3/147 [Azrael/damnation (46)]
 21357 | D:14     | Killed Azrael
 22050 | D:14     | Found a snail-covered altar of Cheibriados.
 22101 | D:15     | Entered Level 15 of the Dungeon
 22153 | D:15     | Found a staircase to the Depths.
 22180 | D:15     | Received a gift from Okawaru
 22312 | D:15     | Noticed Nessos
 22316 | D:15     | Killed Nessos
 22392 | D:15     | Reached skill level 15 in Fighting
 22877 | D:15     | Noticed Kirke
 22882 | D:15     | Killed Kirke
 23339 | D:3      | Bought a manual of Evocations for 1120 gold pieces
 23339 | D:3      | Bought a manual of Invocations for 1120 gold pieces
 23579 | Snake:1  | Entered Level 1 of the Snake Pit
 23596 | Snake:1  | Noticed Jorgrun
 23831 | Elf:1    | Entered Level 1 of the Elven Halls
 25125 | Elf:2    | Received a gift from Okawaru
 25167 | Elf:3    | Entered Level 3 of the Elven Halls
 25306 | Orc:2    | Bought a scroll of enchant armour for 292 gold pieces
 25558 | D:2      | Found a runed translucent door.
 25559 | D:2      | Noticed Crazy Yiuf
 25675 | D:2      | Killed Sigmund
 25784 | D:2      | Killed Crazy Yiuf
 25852 | D:2      | Noticed Natasha
 25856 | D:2      | Killed Natasha
 26072 | D:8      | Killed TheViccler's ghost
 26667 | D:9      | Found a runed translucent door.
 26668 | D:9      | Found a runed translucent door.
 26669 | D:9      | Found a runed translucent door.
 26844 | D:9      | Reached skill level 16 in Fighting
 26846 | D:9      | Reached XP level 17. HP: 137/158 MP: 17/25
 27143 | D:9      | Got Sif Muna's Guidebook on the Cemetery and Erosion
 27145 | D:9      | Identified the staff "Newtbane" {rF+ MP+9 Str+3 Fire Air}
 27148 | D:9      | Identified the +1 leather armour of Pocvu Secvim {rN+
                  | Will+++ Str+3 Dex-2}
 27150 | D:9      | Identified the +0 dire flail of Defiance {venom, rN+ Str+2}
 27151 | D:9      | Identified the ring of Starshine {rF+ Dex+3 Slay+6}
 27170 | D:9      | Identified the +7 great mace "Itinu" {venom, Int+4 SInv
                  | Stlth+}
 27457 | Shoals:1 | Entered Level 1 of the Shoals
 28110 | Shoals:1 | Noticed Josephine
 28124 | Shoals:1 | Killed Josephine
 28238 | Shoals:1 | Found Pirec's Assorted Antiques.
 28284 | Shoals:1 | Bought a scroll of teleportation for 96 gold pieces
 28759 | Shoals:2 | Noticed Ilsuiw
 28817 | Shoals:2 | Noticed Polyphemus
 28904 | Snake:1  | Found Latrial's Antique Armour Emporium.
 29002 | Snake:1  | Killed Jorgrun
 29329 | Snake:1  | Noticed Nikola
 29346 | Snake:1  | Killed Nikola
 29346 | Snake:1  | Received a gift from Okawaru
 29432 | Snake:1  | Noticed Frances
 29444 | Snake:1  | Killed Frances
 29833 | Snake:2  | Reached skill level 17 in Fighting
 30030 | Snake:2  | Reached skill level 15 in Invocations
 30199 | Snake:2  | Found Fouma's Antique Armour Emporium.
 30199 | Snake:2  | Found Qavioqat's Antique Armour Shoppe.
 30278 | Snake:2  | Found a runed translucent door.
 30282 | Snake:2  | Noticed Utuur's ghost (adept TeDe)
 31001 | Snake:2  | Killed Utuur's ghost
 31001 | Snake:2  | Received a gift from Okawaru
 31599 | Snake:3  | Noticed Vashnia
 31615 | Snake:3  | Reached skill level 15 in Evocations
 31622 | Snake:3  | Killed Vashnia
 32000 | Snake:3  | Found Rata's Book Shop.
 32001 | Snake:3  | Found Isiov's Jewellery Emporium.
 32001 | Snake:3  | Found Ocimac's Jewellery Emporium.
 32221 | Snake:3  | Reached XP level 18. HP: 155/171 MP: 29/29
 32307 | Snake:3  | Found Reushede's Weapon Boutique.
 32366 | Snake:4  | Entered Level 4 of the Snake Pit
 32383 | Snake:4  | Reached skill level 18 in Fighting
 32786 | Snake:4  | Found a runed translucent gate.
 32786 | Snake:4  | Found a runed translucent gate.
 32786 | Snake:4  | Found a runed translucent gate.
 32786 | Snake:4  | Noticed HourglassMan's ghost (adept MiFi)
 32842 | Snake:4  | Found Oggucwu's Antique Weapon Boutique.
 32844 | Snake:4  | Found Qiewim's Distillery.
 32846 | Snake:4  | Found Woutush's Jewellery Boutique.
 32928 | Snake:4  | Received a gift from Okawaru
 33100 | Snake:4  | Bought a potion of curing for 51 gold pieces
 33100 | Snake:4  | Bought a potion of curing for 51 gold pieces
 33100 | Snake:4  | Bought a potion of haste for 170 gold pieces
 33100 | Snake:4  | Bought a potion of curing for 51 gold pieces
 33100 | Snake:4  | Bought a potion of might for 68 gold pieces
 33100 | Snake:4  | Bought a potion of might for 68 gold pieces
 34171 | Snake:4  | Got a serpentine rune of Zot
 34326 | Snake:4  | Killed HourglassMan's ghost
 34331 | Snake:4  | Identified the ring "Vimithent" {Fly Str+4}
 34640 | Vaults:1 | Entered Level 1 of the Vaults
 34650 | Vaults:1 | Paralysed by a formless jellyfish for 1 turns
 35077 | Vaults:1 | Received a gift from Okawaru
 35664 | Vaults:1 | Reached skill level 19 in Fighting
 36703 | Vaults:2 | You fall into a shaft and drop 1 floor!
 36739 | Vaults:3 | Identified the serpent talisman "Woxzecoph" {rElec Dex+4
                  | SInv}
 36739 | Vaults:3 | Noticed Aizul
 36753 | Vaults:3 | Killed Aizul
 36753 | Vaults:3 | Received a gift from Okawaru
 36938 | Vaults:3 | Noticed Saint Roka
 36966 | Vaults:3 | Killed Saint Roka
 36967 | Vaults:3 | Reached XP level 19. HP: 102/183 MP: 24/31
 37211 | Vaults:3 | Noticed Bai Suzhen
 37229 | Vaults:3 | Received a gift from Okawaru
 37722 | Vaults:3 | Killed Bai Suzhen
 38099 | Vaults:3 | Found Qausoap's Antique Weapon Emporium.
 38772 | Vaults:4 | Found Beushredi's General Store.
 38779 | Vaults:4 | Bought a potion of curing for 72 gold pieces
 38809 | Vaults:4 | Received a gift from Okawaru
 39955 | Vaults:4 | Reached skill level 20 in Fighting
 40214 | Vaults:4 | Received a gift from Okawaru
 40230 | Vaults:4 | Noticed Mennas
 40260 | Vaults:4 | Killed Mennas
 40542 | Vaults:2 | Noticed Jory
 40582 | Vaults:2 | Reached skill level 15 in Dodging
 40631 | Vaults:2 | Killed Jory
 40640 | Vaults:2 | Received a gift from Okawaru
 40926 | Vaults:2 | Reached XP level 20. HP: 186/193 MP: 32/32
 41322 | Vaults:2 | Found a staircase to the Crypt.
 41331 | Crypt:1  | Entered Level 1 of the Crypt
 41572 | Crypt:1  | Noticed Donald
 41590 | Crypt:1  | Killed Donald
 41593 | Crypt:1  | Reached skill level 15 in Armour
 42010 | D:11     | You paid a toll of a +5 demon whip to enter a treasure
                  | trove
 42011 | Trove    | Entered a treasure trove
 42027 | Trove    | Identified the amulet "Qemack" {Acrobat Harm rF+ rC+}
 42039 | Trove    | Identified the ring of Contentment {*Slow rPois rF+ rCorr
                  | Int+4}
 42047 | Trove    | Identified the amulet "Naecw" {Acrobat rElec Str+3 Int+3
                  | Dex+2}
 42470 | Shoals:3 | Received a gift from Okawaru
 42954 | Shoals:4 | Entered Level 4 of the Shoals
 43050 | Shoals:4 | Found a glowing silver altar of Zin.
 43095 | Shoals:4 | Received a gift from Okawaru
 43297 | Shoals:4 | Found a white marble altar of Elyvilon.
 43627 | Shoals:4 | Found the +18 shield of the Gong {Loud rN+ Will+ rCorr
                  | EV-5}
 43666 | Shoals:4 | Found a glowing golden altar of the Shining One.
 44126 | Shoals:4 | Got a barnacled rune of Zot
 44668 | Elf:2    | Received a gift from Okawaru
 44899 | Elf:2    | Reached skill level 10 in Shields
 44907 | Elf:2    | Found a huge runed translucent gate.
 44907 | Elf:2    | Found a huge runed translucent gate.
 44908 | Elf:2    | Found a huge runed translucent gate.
 44908 | Elf:2    | Found a huge runed translucent gate.
 44911 | Elf:2    | Found a huge runed translucent gate.
 45321 | Elf:3    | Paralysed by an air elemental for 1 turns
 45328 | Elf:3    | Paralysed by an air elemental for 1 turns
 45335 | Elf:3    | Paralysed by an air elemental for 1 turns
 45440 | Elf:3    | Found a radiant altar of Vehumet.
 45545 | Elf:3    | Reached XP level 21. HP: 203/203 MP: 33/33
 45589 | Elf:3    | Found Qiloof's Self-Published Books.
 45711 | Elf:3    | Identified the +10 great sword "Toptob" {drain, rPois MP+9
                  | Int+5}
 45902 | Elf:3    | Found Xaaluass's Antique Armour Shop.
 45907 | Elf:3    | Bought a heavily runed chain mail for 313 gold pieces
 45907 | Elf:3    | Identified the +0 chain mail of Cecentuo {Harm ^Drain +Inv
                  | rF- Will+++} (You bought it in a shop on level 3 of the
                  | Elven Halls)
 45962 | Elf:3    | Identified the +4 great sword of Cott {spect, *Rage rCorr
                  | Str+4}
 45979 | Elf:3    | Received a gift from Okawaru
 45980 | Elf:3    | Identified the staff of the Penguin {rElec rF+ Str-3 Hexes
                  | Ice Earth}
 46253 | Elf:3    | Identified the +1 hand axe of Moderation {flame, *Rage
                  | rF+++}
 46323 | Elf:3    | Identified the +0 trident of Exquisite Torment {pain, Int+2
                  | Dex+4}
 46802 | Depths:1 | Entered Level 1 of the Depths
 46865 | Depths:1 | Reached skill level 15 in Shields
 47151 | Depths:1 | Noticed Norris
 47190 | Depths:1 | Killed Norris
 47206 | Depths:1 | Received a gift from Okawaru
 47876 | Orc:2    | Bought a manual of Fighting for 1120 gold pieces
 48181 | Depths:1 | Found a gateway to Hell.
 48340 | Depths:2 | Reached skill level 21 in Fighting
 48480 | Depths:2 | Found a one-way gate leading to the halls of Pandemonium.
 48563 | Depths:3 | Found a broken altar of Ashenzari.
 49098 | Depths:3 | Received a gift from Okawaru
 49108 | Depths:3 | Reached skill level 22 in Fighting
 49300 | Depths:4 | Entered Level 4 of the Depths
 49404 | Depths:4 | Reached XP level 22. HP: 196/216 MP: 35/35
 49460 | Depths:4 | Noticed a golden dragon
 49464 | Depths:4 | Noticed a juggernaut
 49486 | Depths:4 | Killed a juggernaut
 49493 | Depths:4 | Killed a golden dragon
 49783 | Depths:4 | Noticed a golden dragon
 49797 | Depths:4 | Killed a golden dragon
 49974 | Depths:4 | Found a gate to the Realm of Zot.
 49990 | Depths:4 | Identified a scroll of acquirement
 50003 | Depths:4 | Acquired the ring of the Quiescent Mango {rC+ rN+ AC+4
                  | Dex+3 Stlth-}
 50046 | Depths:4 | Reached skill level 23 in Fighting
 50704 | Depths:3 | Noticed Louise
 50717 | Depths:3 | Killed Louise
 50884 | Depths:3 | Found a one-way gateway to a ziggurat.
 51291 | Depths:3 | Found a runed door.
 51458 | Depths:3 | Identified the ring of Midsummer {rElec rC+ rN+ Str+3
                  | Dex-2}
 51471 | Depths:3 | Got the Spellbook of Envenoming and Geology
 51471 | Depths:3 | Noticed a dread lich
 51489 | Depths:3 | Killed a dread lich
 51505 | Depths:3 | Identified the ring "Lugajet" {rPois MP+9 SInv}
 51511 | Depths:3 | Identified the +2 helmet of Nemelex Xobeh {rPois rC+}
 51574 | Depths:3 | Reached skill level 24 in Fighting
 52536 | Depths:2 | Noticed a royal mummy
 52554 | Depths:2 | Killed a royal mummy
 52555 | Depths:2 | Reached skill level 25 in Fighting
 52583 | Depths:2 | Found a shimmering blue altar of Sif Muna.
 52655 | Depths:2 | Received a gift from Okawaru
 52811 | Depths:2 | Found Hijos's General Store.
 52826 | Depths:2 | Bought a scroll of revelation for 150 gold pieces
 52826 | Depths:2 | Bought a potion of resistance for 200 gold pieces
 52859 | Depths:2 | Found a sacrificial altar of Ru.
 52871 | Depths:2 | Reached XP level 23. HP: 119/234 MP: 36/36
 53075 | Depths:2 | Found Iteuw's Miraculous Elixirs.
 53180 | Depths:2 | Found The Legendary Hyditenn's Legendary Smithy.
 53630 | Depths:1 | Gained mutation: You possess an exceptional clarity of
                  | mind. [mutagenic glow]
 53893 | Vaults:5 | Entered Level 5 of the Vaults
 53925 | Vaults:5 | Received a gift from Okawaru
 54168 | Vaults:5 | Identified the ring of Myxzolo {rElec Will+ rCorr}
 54264 | Vaults:5 | Identified the ring "Vihohure" {Ice rElec rPois Str+4
                  | Int+4}
 54271 | Vaults:5 | Noticed a dread lich
 54275 | Vaults:5 | Reached skill level 26 in Fighting
 54297 | Vaults:5 | Killed a dread lich
 54789 | Vaults:5 | Received a gift from Okawaru
 55439 | Vaults:5 | Got a silver rune of Zot
 55463 | Vaults:5 | Identified the +3 orcbow of Nice Gallantry {speed, ^Fragile
                  | Str+4}
 55747 | Vaults:5 | Found Liev's Magic Scroll Boutique.
 55752 | Vaults:5 | Bought a scroll of teleportation for 51 gold pieces
 55752 | Vaults:5 | Bought a scroll of teleportation for 51 gold pieces
 55752 | Vaults:5 | Bought a scroll of teleportation for 51 gold pieces
 55752 | Vaults:5 | Bought a scroll of blinking for 127 gold pieces
 55752 | Vaults:5 | Bought a scroll of blinking for 127 gold pieces
 55752 | Vaults:5 | Bought a scroll of revelation for 127 gold pieces
 56260 | Slime:1  | Entered Level 1 of the Pits of Slime
 56448 | Slime:2  | Reached skill level 1 in Fire Magic
 56454 | Slime:2  | Reached skill level 1 in Spellcasting
 56473 | Slime:2  | Reached XP level 24. HP: 217/245 MP: 37/37
 56740 | Slime:4  | Received a gift from Okawaru
 57032 | Slime:5  | Entered Level 5 of the Pits of Slime
 57060 | Slime:5  | Gained mutation: You are weak. (Str -2) [a shining eye]
 57115 | Slime:5  | Noticed the Royal Jelly
 57142 | Slime:5  | Found the +8 arc blade {discharge, rElec}
 57407 | Slime:5  | Reached skill level 5 in Fire Magic
 57468 | Slime:5  | Found a viscous altar of Jiyva.
 57501 | Slime:5  | Paralysed by a formless jellyfish for 1 turns
 57568 | Arena    | Entered the Arena
 57576 | Arena    | Killed the Royal Jelly
 57592 | Arena    | HP: 9/367 [rockslime[the Royal Jelly] (19)]
 57592 | Arena    | Slain by an acid blob

Illustrated notes

Levels and vault maps discovered:
D:1:      ncdulo_smallfort, layout_basic
D:2:      layout_basic, shapermc_ecumenical_altar_gd, uniq_crazy_yiuf_cottage,
          uniq_natasha, uniq_sigmund
D:3:      kennysheep_the_goblin_king, layout_loops_ring,
          mainiacjoe_overflow_alcove_2, grunt_decor_cap, minivault_11,
          nicolae_shop_vocational
D:4:      layout_basic, nicolae_wu_jian_wuxing_cycle,
          mainiacjoe_overflow_catwalk, serial_shops, kennysheep_little_box,
          uniq_robin, uniq_blork_the_orc
D:5:      minmay_recursive_quarters, layout_basic, zin_treasury,
          minmay_temple_entry_statues_pillars
D:6:      layout_basic, mainiacjoe_overflow_tiny_flanked, grunt_decor_arrowhead,
          uniq_eustachio
D:7:      layout_gridville, elyvilon_altar_4, serial_glass, glass_columns_b,
          glass_columns_b, glass_columns_a, glass_columns_a, glass_columns_a,
          glass_columns_a, glass_columns_a, glass_columns_a, glass_columns_c,
          glass_columns_a, glass_columns_a, glass_columns_b, glass_columns_a,
          glass_columns_a, uniq_joseph
D:8:      layout_loops_corners, tgw_xom, mainiacjoe_overflow_alcove_4,
          gammafunk_ghost_icy, kennysheep_island_fort, uniq_amaemon
D:9:      minmay_the_grid_triangle_9x9_rhombus_full
          [minmay_the_grid_triangle_9x9_checkered,
          minmay_the_grid_triangle_9x9_stretched_checkered,
          minmay_the_grid_triangle_9x9_warning,
          minmay_the_grid_triangle_9x9_minimal,
          minmay_the_grid_triangle_9x9_fully_insulated_deathbox,
          minmay_the_grid_triangle_9x9_sprig,
          minmay_the_grid_triangle_9x9_steps,
          minmay_the_grid_triangle_9x9_prize_center], layout_basic,
          tso_oasis_becter, overflow_temple_1_default,
          lemuel_mausoleum_altar_kikubaaqudgha, enter_bailey_6
D:10:     layout_basic, dpeg_oklobed_lair
D:11:     layout_roguey, orc_0_dummy, enter_trove_1, nicolae_diode_stairs,
          uniq_psyche
D:12:     layout_stronghold, minmay_gold_behind_fungi
D:13:     layout_roguey [special_room_orc], lightli_vaults_fourway_checkpoint,
          serial_shops, nicolae_shop_peninsula, gauntlet_entry_generic
D:14:     layout_gridville, corexii_corridor_pit, slow_altar_2, uniq_azrael
D:15:     grunt_enter_depths_giant_problem, layout_stronghold,
          nicolae_figureground_pulse, uniq_nessos, uniq_kirke
Lair:1:   layout_small_grid, portal_ice_cave_rime,
          cheibrodos_lair_caveside_slide, uniq_erica, uniq_gastronok,
          uniq_prince_ribbit2
Lair:2:   layout_small_grid, nicolae_snake_entry_warm_welcome
Lair:3:   layout_roguey, minmay_shoals_entry_beasts, roderic_carrion_pond,
          grunt_megastairs_2, lemuel_fruit_fields
Lair:4:   layout_concentric_octagons, serial_bayou_ford_a
Lair:5:   hellmonk_lair_end_abyssal_woods, layout_cave_pods, slime_entry_1
Shoals:1: layout_shoals, serial_shops, nicolae_square_shop,
          nicolae_shoals_loop_pool, uniq_josephine
Shoals:2: layout_shoals, uniq_ilsuiw, uniq_polyphemus
Shoals:3: layout_shoals, nicolae_shoals_spectral_cove
Shoals:4: shoals_end_hellmonk_holy_island
Snake:1:  layout_onion_interference, serial_shops, shop, special_room,
          grunt_megastairs_1, uniq_jorgrun, uniq_nikola, uniq_frances
Snake:2:  layout_cave_shapes, ebering_ghost_inner_flame, st_stairs_8,
          serial_bayou_shore_b, minmay_shoptagon
Snake:3:  hangedman_cross_stitches, layout_misc_corridors, serial_shops,
          nicolae_shop_real_fake_doors, corexii_hall_statues_x,
          grunt_ministairs_4, minmay_shop_grove, uniq_vashnia
Snake:4:  grunt_snake_rune_pools, layout_basic, ebering_ghost_rock_garden,
          minmay_shop_star
Slime:1:  cheibrodos_slime_lost_civilization_10, layout_caves
Slime:2:  layout_caves
Slime:3:  layout_caves
Slime:4:  layout_caves
Slime:5:  slime_pit_nicolae_jellycorners
Orc:1:    nicolae_orc_accident_2, layout_caves, serial_shops,
          nicolae_shop_peninsula
Orc:2:    st_orc_mages, layout_caves, uniq_urug
Elf:1:    kennysheep_blocky_hall, layout_loops_corners,
          hangedman_corner_corridor
Elf:2:    elven_hall_of_blades_hangedman_alternative [nicolae_blade_tridents],
          layout_gridlike
Elf:3:    minmay_elf_hall_furrowed, layout_geoelf_octagon, serial_shops,
          nicolae_shop_waterfront, basic_altar, nicolae_custom_books
Vaults:1: nicolae_vaults_three_branches, nicolae_vaults_twisting_passages,
          hangedman_vaults_cutoff, hangedman_vaults_nails,
          nicolae_vaults_diamond_1, nicolae_vaults_door_testing_chamber,
          ontoclasm_vaults_loading_screen, nicolae_vaults_offset_grid_hallway_3,
          v_misc_1, layout_vaults_omnigrid
Vaults:2: nicolae_vaults_circle_grid_b, nicolae_vaults_house_3,
          grunt_vaults_swirl, blue_anna_dwarven_crypt, vaults_room_semicircle,
          hangedman_vaults_cutoff, vaults_dpeg_spiral, special_room_vaults
          [special_room_orc], v_pattern_2, hangedman_vaults_slice,
          layout_vaults_ring, uniq_jory
Vaults:3: hangedman_vaults_stitches, ontoclasm_vaults_tryst,
          nicolae_vaults_apartment_2, vaults_room_hallway,
          nicolae_vaults_trapezoid_lopsided_1, ontoclasm_vaults_gallery,
          nicolae_vaults_house_2, nicolae_vaults_house_3,
          layout_vaults_big_room, serial_shops,
          nicolae_shop_pleasant_corner_grove, uniq_bai_suzhen, uniq_aizul,
          uniq_saint_roka
Vaults:4: nicolae_vaults_closet_pinwheel_6, nicolae_vaults_stepped_doors,
          v_misc_24, v_misc_25, hangedman_vaults_slice,
          nicolae_vaults_little_squares_1, nicolae_vaults_tetromino_L_2,
          v_rooms_2, v_misc_33, v_rooms_1, nicolae_vaults_trapezoid_lopsided_3,
          layout_vaults_omnibox, serial_shops, shop, uniq_mennas
Vaults:5
Crypt:1:  layout_gridlike, serial_sigils, serial_sigils_hangedman_clutch,
          serial_sigils_hangedman_writhe, serial_sigils_hangedman_snap,
          serial_sigils_hangedman_scratch, uniq_donald
Crypt:2:  layout_gridlike, lemuel_statue_altar
Depths:1: layout_basic, hell_entry, chequers_serial_rivers_small_a,
          chequers_serial_rivers_marsh, kennysheep_generic_room_4,
          grunt_megastairs_4, uniq_norris
Depths:2: grated_community_mu [grated_community_mu_vampire_home,
          grated_community_mu_giant_home, grated_community_mu_spellcaster_home,
          grated_community_mu_orcish_home, grated_community_mu_troll_home,
          grated_community_mu_taur_home, grated_community_mu_unbuilt_plot],
          layout_gridville, rand_demon_pan_entry_5, columned_hall_lemuel,
          grunt_hell_entry_dis_grunt, minmay_staircase_statues
Depths:3: evilmike_wizard_prison, layout_gridlike, enter_ziggurat_c,
          nicolae_abyss_entry_one_way_or_another, pf_hell_entry_tar_river,
          pan_entry, nicolae_ashenzari_skybound
Depths:4: evilmike_zot_entry_diamond, layout_gridville, hellmouth_1,
          grunt_megastairs_5
Arena

Skill      XL: |  1  2  3  4  5  6  7  8  9 10 11 12 13 14 15 16 17 18 19 20 21 22 23 24 |
---------------+-------------------------------------------------------------------------+-----
Shields        | 1 2 3 4 6 7 8 11 16 | 16.1
Fighting       | 2 3 4 5 6 7 8 10 11 12 14 16 17 19 20 22 25 26 | 26.1
Armour         | 1 2 3 4 5 6 8 9 10 11 12 13 14 15 | 15.7
Dodging        | 3 4 5 6 7 9 10 11 13 15 | 15.8
Maces & Flails | 1 2 3 5 6 8 9 10 13 14 15 | 15.4
Invocations    | 1 2 3 4 5 6 7 9 10 11 13 16 18 19 20 21 22 | 22.0
Evocations     | 1 2 3 4 5 6 8 9 10 12 15 16 17 18 19 21 | 21.2
Fire Magic     | 1 6 |  6.0
Spellcasting   | 1 3 |  3.7
Unarmed Combat | |  3.2
Shapeshifting  | |  2.4

Action                     |  1- 3 |  4- 6 |  7- 9 | 10-12 | 13-15 | 16-18 | 19-21 | 22-24 || total
---------------------------+-------+-------+-------+-------+-------+-------+-------+-------++-------
  Melee: Unarmed           |    47 |    39 |       |       |       |       |     5 |       ||    91
         Headbutt          |     5 |    22 |    44 |   147 |   179 |   490 |   613 |   586 ||  2086
         Morningstar       |       |   113 |   238 |   222 |   770 |    61 |       |       ||  1404
         Demon whip        |       |       |       |   442 |       |       |       |       ||   442
         Staff             |       |       |       |       |       |  1638 |  1919 |  1553 ||  5110
         Trishula          |       |       |       |       |       |       |       |     1 ||     1
 Invoke: Heroism           |       |       |     2 |    10 |     7 |    27 |    21 |    17 ||    84
         Receive Weapon    |       |       |       |     1 |       |       |       |       ||     1
         Receive Armour    |       |       |       |     1 |       |       |       |       ||     1
         Finesse           |       |       |       |     1 |     2 |     8 |     9 |    10 ||    30
         Duel              |       |       |       |       |       |       |       |     1 ||     1
Ability: Begin Untransform |       |     1 |       |       |       |       |       |       ||     1
  Evoke: Wand              |       |       |     7 |     4 |     2 |       |     1 |     3 ||    17
    Use: Scroll            |     1 |     6 |     6 |    12 |    11 |    23 |    11 |     9 ||    79
         Potion            |       |     4 |     4 |     3 |     3 |     7 |     9 |     3 ||    33
   Stab: Paralysed         |       |       |     3 |     5 |       |       |       |       ||     8
         Distracted        |       |       |       |       |     1 |       |     1 |     2 ||     4
         Invisible         |       |       |       |       |       |     5 |       |       ||     5
 Armour: Animal skin       |    14 |    33 |       |       |       |       |       |       ||    47
         Skin              |       |    31 |    58 |     1 |       |       |       |       ||    90
         Ring mail         |       |    13 |    71 |    48 |       |       |       |       ||   132
         Plate armour      |       |       |       |   229 |   540 |   311 |       |       ||  1080
         Gold dragon scale |       |       |       |       |       |   953 |  1007 |   528 ||  2488
  Dodge: Dodged            |    27 |   125 |   218 |   429 |   412 |   620 |   479 |   197 ||  2507
  Block: Buckler           |     7 |    31 |    70 |   118 |   210 |   670 |   400 |       ||  1506
         Reflection        |       |       |       |       |       |    63 |    26 |       ||    89
         Kite shield       |       |       |       |       |       |       |   875 |  1426 ||  2301

Table legend: (Time is in decaauts)
 A = Elapsed time spent in this place.
 B = Non-inter-level travel time spent in this place.
 C = Inter-level travel time spent in this place.
 D = Time resting spent in this place.
 E = Time spent auto-exploring this place.
 F = Levels seen in this place.
 G = Mean time per level.
                   A        B        C        D        E       F      G
               +--------+--------+--------+--------+--------+-----+--------+
         Total |  55540 |  50326 |   5214 |   3004 |  34788 |  55 | 1009.8 |
       Dungeon |  17457 |  14906 |   2551 |    821 |  10931 |  15 | 1163.8 |
          Lair |   6437 |   5558 |    879 |    128 |   4533 |   5 | 1287.4 |
        Shoals |   3495 |   3321 |    174 |   1256 |    844 |   4 |  873.8 |
     Snake Pit |   5344 |   5113 |    231 |    208 |   3993 |   4 | 1336.0 |
    Slime Pits |   1129 |   1085 |     44 |      9 |    595 |   5 |  225.8 |
  Orcish Mines |   1546 |   1202 |    344 |     39 |    763 |   2 |  773.0 |
   Elven Halls |   3393 |   3152 |    241 |     71 |   2147 |   3 | 1131.0 |
        Vaults |   8481 |   8013 |    468 |    209 |   5917 |   5 | 1696.2 |
         Crypt |    474 |    442 |     32 |      5 |    235 |   2 |  237.0 |
        Depths |   6008 |   5761 |    247 |    204 |   4051 |   4 | 1502.0 |
         Abyss |    607 |    607 |      0 |      0 |    442 |   1 |  607.0 |
         Trove |     72 |     72 |      0 |      0 |      2 |   1 |   72.0 |
        Bailey |    305 |    305 |      0 |      4 |     65 |   1 |  305.0 |
      Ice Cave |    448 |    448 |      0 |     48 |     84 |   1 |  448.0 |
      Gauntlet |    327 |    327 |      0 |      0 |    184 |   1 |  327.0 |
         Arena |     10 |     10 |      0 |      0 |      0 |   1 |   10.0 |
               +--------+--------+--------+--------+--------+-----+--------+

Top non-repeatable levels by time:
Vaults:3: 1964 daAuts
     D:9: 1955 daAuts
 Snake:4: 1887 daAuts
Depths:2: 1884 daAuts
     D:8: 1842 daAuts
Vaults:5: 1822 daAuts
Vaults:1: 1782 daAuts
Vaults:4: 1749 daAuts
Depths:3: 1648 daAuts
  Lair:1: 1516 daAuts
  Lair:4: 1502 daAuts
Shoals:1: 1479 daAuts
    D:10: 1415 daAuts
     D:5: 1407 daAuts
     D:4: 1387 daAuts
